 Dungeon Crawl Stone Soup version 0.25-a0-782-g655279ceaa (webtiles) character file.

Game seed: 11232476891319853623, levelgen mode: deterministic

0 Esekla the Skirmisher (level 1, -2/11 HPs)
             Began as a Vine Stalker Abyssal Knight on Apr 16, 2020.
             Was a Follower of Lugonu.
             Killed from afar by a starcursed mass (9 damage)
             ... with an accursed screaming
             ... on level 1 of the Abyss.
             The game lasted 00:00:38 (49 turns).

Esekla the Skirmisher (Vine Stalker Abyssal Knight)   Turns: 49, Time: 00:00:39

Health: -2/11      AC:  3    Str: 14    XL:     1   Next: 0%
Magic:  0/3        EV: 11    Int: 12    God:    Lugonu [*.....]
Gold:   0          SH:  0    Dex: 13    Spells: 0/0 levels left

rFire    . . .     SeeInvis .   a - +1 falchion
rCold    . . .     Gourm    .   (no shield)
rNeg     . . .     Faith    .   b - +0 leather armour
rPois    .         Spirit   +   (no helmet)
rElec    .         Reflect  .   (no cloak)
rCorr    .         Harm     .   (no gloves)
MR       .....                  (no boots)
Stlth    +.........             (no amulet)
HPRegen  0.03/turn              (no ring)
MPRegen  0.08/turn              (no ring)

@: no status effects
A: fangs 2, magic shield, antimagic bite, no potion heal 3, rot immunity
a: Depart the Abyss, Renounce Religion


You were on level 1 of the Abyss.
You worshipped Lugonu.
Lugonu was aware of your devotion.
You were not hungry.

You visited 0 branches of the dungeon, and saw 0 of its levels.
You visited the Abyss 1 time.

Inventory:

Hand Weapons
 a - a +1 falchion (weapon)
Armour
 b - a +0 leather armour (worn)
Scrolls
 d - a scroll of remove curse {unknown}
Comestibles
 c - a ration


   Skills:
 * Level 2.6 Fighting
 + Level 1.7 Long Blades
 + Level 1.5 Armour
 + Level 0.7 Dodging
 + Level 1.7 Invocations


You couldn't memorise any spells.
You didn't know any spells.
Your spell library was empty.

Dungeon Overview and Level Annotations

Branches:
Dungeon (0/15)

Altars:


Innate Abilities, Weirdness & Mutations

You have extremely sharp teeth.
When hurt, damage is shared between your health and your magic reserves.
Your bite disrupts and absorbs the magic of your enemies.
Potions cannot restore your health.
You are immune to rotting.


Message History

Found a gateway leading out of the Abyss.
Found a whip.
Found a scroll labeled IQUPYD ISOECH.
You see here a scroll labeled IQUPYD ISOECH.
d - a scroll labeled IQUPYD ISOECH A starcursed mass splits.
A tentacle flies out from the starspawn's body!
A starspawn tentacle comes into view.
A tentacle flies out from the starspawn's body!
A starspawn tentacle comes into view.
A large abomination comes into view.
A tentacle flies out from the starspawn's body!
A starcursed mass splits.
A chorus of shrieks assaults your mind.
A starspawn tentacle comes into view.
A starcursed mass splits.
A starcursed mass splits.
A chorus of shrieks assaults your mind.
Ouch! That really hurt!
You die...

## . # .. ## ... .##. #.#
#.. #.. #..# ..#
#..##..##..##..##.
...................) ...
.... ....... ..........
#.. #..##..##..## .##.
#..##..##@.##..##..## . .
........X............ . .
..........................
...................... ...
.........................
#.....#.....#.....#.....#.
##...###XXX###XX.###...##
#.... #.....#.....# ..#.
..........................


You could see 4 starcursed masses, a tentacled starspawn and a large
abomination.

Vanquished Creatures (others)
  6 starspawn tentacles (Abyss:1)
6 creatures vanquished.

Notes
Turn   | Place    | Note
-------+----------+-------------------------------------------
     0 | Abyss:1  | Esekla the Vine Stalker Abyssal Knight began the quest for
                  | the Orb.
     0 | Abyss:1  | Reached XP level 1. HP: 11/11 MP: 3/3
    37 | Abyss:1  | Noticed a tentacled starspawn
    37 | Abyss:1  | Noticed a starcursed mass
    43 | Abyss:1  | Noticed a large abomination
    49 | Abyss:1  | Killed from afar by a starcursed mass

Levels and vault maps discovered:
Abyss:1

Table legend:
 A = Non-vault XP
 B = Vault XP
 C = Vault XP percentage of total XP
 D = Non-vault monster count
 E = Vault monster count
 F = Vault count percentage of total count
                 A         B        C        D         E       F
            +---------+---------+-------+---------+---------+-------
      Total |       0 |       0 |   N/A |       0 |       0 |  -nan
            +---------+---------+-------+---------+---------+-------
            +---------+---------+-------+---------+---------+-------
